 Dungeon Crawl Stone Soup version 0.32-a0-519-g08f29ac1c3 (webtiles) character file.

Game seed: 9485395002129821651

63 inmateoo the Poker (level 4, -1/34 HPs)
             Began as a Coglin Gladiator on Feb 28, 2024.
             Slain by Terence
             ... wielding a +2 vampiric trident
              (7 damage)
             ... on level 2 of the Dungeon.
             The game lasted 00:00:47 (572 turns).

inmateoo the Poker (Coglin Gladiator)                Turns: 572, Time: 00:00:48

Health: -1/34      AC:  6    Str: 16    XL:     4   Next: 10%
Magic:  4/4        EV: 12    Int:  7    God:
Gold:   72         SH:  0    Dex: 16    Spells: 3/3 levels left

rFire   . . .        a - +0 trident {Nari}
rCold   . . .        i - +0 war axe (venom) {Else}
rNeg    . . .        b - +0 leather armour
rPois   .            c - +0 helmet
rElec   .            (no cloak)
rCorr   .            k - +1 pair of gloves
SInv    .            (no boots)
Will    .....        (no amulet)
Stlth   +            (ring unavailable)
HPRegen 0.25/turn    (ring unavailable)
MPRegen 0.09/turn

%: no passive effects
@: mighty, revved
A: off-hand wielding, slow wielding, warmup strikes, no rings
a: no special abilities


You were on level 2 of the Dungeon.
You visited 1 branch of the dungeon, and saw 2 of its levels.

You collected 72 gold pieces.

Inventory:

Hand Weapons
 a - a +0 trident (weapon) {Nari}
 i - a +0 war axe of venom (offhand) {Else}
Missiles
 d - 3 throwing nets (quivered)
 e - a javelin
Armour
 b - a +0 leather armour (worn)
 c - a +0 helmet (worn)
 k - a +1 pair of gloves (worn)
Scrolls
 f - a scroll of fear {unknown}
 g - a scroll of immolation {unknown}
 j - a scroll of blinking {unknown}
Potions
 h - a potion of brilliance {unknown}
 l - a potion of mutation {unknown}
 m - a potion of might


   Skills:
 + Level 2.5 Fighting
 * Level 3.4 Polearms
 - Level 1.7 Throwing
 + Level 1.2 Armour
 + Level 3.1 Dodging


You had 3 spell levels left.
You didn't know any spells.
Your spell library was empty.

Dungeon Overview and Level Annotations

Branches:
Dungeon (2/15)

Altars:
Xom

Annotations:
D:2 Terence


Innate Abilities, Weirdness & Mutations

You can wield a second weapon in your off-hand.
It takes a long time for you to wield or remove held weapons.
Your first few attacks do less damage.
Your grasper-arms cannot wear rings.


Message History

No target in view!
You now have 72 gold pieces (gained 10).
Found an escape hatch in the ceiling.
No target in view!
An adder comes into view.
The adder hisses angrily.
An adder is nearby!
Terence the Incautious comes into view.
He is wielding a +2 vampiric trident.
Terence shouts!
You hear a shout!
Terence is nearby!
You reach to attack!
You hit the adder with your +0 trident. The adder bites you.
You closely miss the adder with your +0 war axe of venom.
The adder is heavily wounded.
You miss the adder with your +0 trident.
The adder bites you but does no damage.
You closely miss the adder with your +0 trident.
The adder is heavily wounded.
You slash the adder with your +0 war axe of venom!
You kill the adder!
Terence hits you from afar with a +2 vampiric trident. x2
You have reached level 4!
You feel agile.
Terence hits you with a +2 vampiric trident.
There is an escape hatch in the ceiling, spattered with blood here.
You are too injured to fight recklessly!
You barely miss Terence with your +0 trident.
You closely miss Terence with your +0 war axe of venom.
Terence hits you but does no damage.
You hit Terence with your +0 war axe of venom.
Terence is lightly wounded.
You puncture Terence with your +0 trident!
Terence hits you with a +2 vampiric trident!
* * * LOW HITPOINT WARNING * * *
Terence draws strength from your wounds!
It was a potion of might.
You feel very mighty all of a sudden.
Terence hits you with a +2 vampiric trident!
You die...
Terence says, "Time to find some more victims."

......#.............
......###.........
....... #.........
#......##.........
......#...>....#
......#.........
.........##....
........†##....
.......@.......
.......@.......
...............
.......##......
....... ......
..##... ...... ..
#... ..#... #...
.#...


You could see Terence.

Vanquished Creatures
  Natasha (D:2)
  2 adders (D:2)
  A giant cockroach (D:1)
  A goblin (D:2)
  2 hobgoblins (D:1)
  3 jackals (D:1)
  A quokka (D:1)
  3 ball pythons
  3 bats (D:1)
  2 frilled lizards (D:1)
  A kobold (D:1)
  A rat (D:1)
21 creatures vanquished.

Notes
Turn   | Place    | Note
-------+----------+-------------------------------------------
     0 | D:1      | inmateoo the Coglin Gladiator began the quest for the Orb.
     0 | D:1      | Reached XP level 1. HP: 16/16 MP: 1/1
   181 | D:1      | Found a faded altar of an unknown god.
   261 | D:1      | Reached XP level 2. HP: 22/22 MP: 2/2
   492 | D:2      | Found a shimmering altar of Xom.
   492 | D:2      | Noticed Natasha
   497 | D:2      | Killed Natasha
   498 | D:2      | Reached skill level 1 in Armour
   498 | D:2      | Reached XP level 3. HP: 24/28 MP: 3/3
   564 | D:2      | Noticed Terence
   569 | D:2      | Reached XP level 4. HP: 19/34 MP: 4/4
   572 | D:2      | Slain by Terence

Illustrated notes

Levels and vault maps discovered:
D:1:      dpeg_chamrin_arrival_tetris, layout_rooms,
          ebering_ecumenical_altar_petrified, minmay_misc_feat_chi
D:2:      layout_basic, basic_altar, uniq_terence, uniq_jessica, uniq_natasha

Skill      XL: |  1  2 |
---------------+-------+-----
Polearms       | 3 |  3.4
Armour         | 1 |  1.2
Dodging        | 3 |  3.1
Fighting       | |  2.5
Throwing       | |  1.7

Action                     |  1- 3 |  4- 6 || total
---------------------------+-------+-------++-------
  Melee: Trident           |    46 |     2 ||    48
         War axe           |    20 |     2 ||    22
    Use: Potion            |       |     1 ||     1
   Stab: Sleeping          |     3 |       ||     3
 Armour: Leather armour    |    26 |     4 ||    30
  Dodge: Dodged            |    28 |       ||    28

Table legend: (Time is in decaauts)
 A = Elapsed time spent in this place.
 B = Non-inter-level travel time spent in this place.
 C = Inter-level travel time spent in this place.
 D = Time resting spent in this place.
 E = Time spent auto-exploring this place.
 F = Levels seen in this place.
 G = Mean time per level.
                   A        B        C        D        E       F      G
               +--------+--------+--------+--------+--------+-----+--------+
         Total |    583 |    577 |      6 |     51 |    369 |   2 |  291.5 |
       Dungeon |    583 |    577 |      6 |     51 |    369 |   2 |  291.5 |
               +--------+--------+--------+--------+--------+-----+--------+

Top non-repeatable levels by time:
     D:1: 481 daAuts
     D:2: 102 daAuts
